[Event "*** Titled Tuesday Blitz"]
[Site "Chess.com"]
[Date "2021.04.27"]
[Round "5"]
[White "amintabatabaei"]
[Black "olksuna"]
[Result "1-0"]
[WhiteElo "2982"]
[BlackElo "2651"]
[TimeControl "180+1"]
[EndTime "10:55:11 PDT"]
[Termination "amintabatabaei won by resignation"]

1. e4 e6 2. Qe2 e5 3. f4 exf4 4. Nf3 Ne7 5. d4 Ng6 6. Nc3 Bb4 7. Bd2 O-O 8. O-O-O Re8 9. h4 d5 10. e5 c5 11. h5 Nf8 12. a3 Nc6 13. axb4 cxb4 14. Nb1 Qa5 15. h6 g6 16. Qb5 Qa1 17. b3 Bf5 18. Qa4 Qxa4 19. bxa4 Ne6 20. Kb2 Ncxd4 21. Nxd4 Nxd4 22. Bxf4 Rac8 23. Rxd4 Rxc2+ 24. Kb3 Rec8 25. Bd3 Bxd3 26. Rxd3 a5 27. Rhd1 Rxg2 28. Rxd5 Kf8 29. Rd8+ Rxd8 30. Rxd8+ Ke7 31. Rh8 Rf2 32. Bg5+ Ke6 33.
Bf6 Rf3+ 34. Kc4 Rf1 35. Nd2 Rc1+ 36. Kb3 Rc3+ 37. Kb2 Rd3 38. Ne4 1-0

[Event "*** Titled Tuesday Blitz"]
[Site "Chess.com"]
[Date "2021.04.27"]
[Round "5"]
[White "Matols"]
[Black "Kislov_Oleg"]
[Result "0-1"]
[WhiteElo "2259"]
[BlackElo "2495"]
[TimeControl "180+1"]
[EndTime "10:55:11 PDT"]
[Termination "Kislov_Oleg won by resignation"]

1. d4 Nf6 2. c4 e6 3. g3 d5 4. Nf3 Be7 5. Bg2 O-O 6. O-O dxc4 7. Qc2 a6 8. a4 Bd7 9. Qxc4 Bc6 10. Bf4 Nbd7 11.
Nc3 Nb6 12. Qd3 Nbd5 13. e4 Nxc3 14. bxc3 Bxe4 15. Qc4 c5 16. dxc5 Bd3 17. Qb4 Bxf1 18. Rxf1 Nd5 19. Qxb7 Nxf4 20. gxf4 Bxc5 21. Ne5 Ra7 22.
Qc6 Qc7 23. Qe4 Qb6 24. f5 exf5 25. Qxf5 Qf6 26. Qxf6 gxf6 27. Ng4 Kg7 28. Rd1 h5 29. Ne3 Bxe3 30. fxe3 Rc7 31. Rd3 Rfc8 32. Bd5 Rxc3 0-1

[Event "*** Titled Tuesday Blitz"]
[Site "Chess.com"]
[Date "2021.04.27"]
[Round "5"]
[White "Cambek64"]
[Black "LubovMarkelova"]
[Result "1-0"]
[WhiteElo "2497"]
[BlackElo "2267"]
[TimeControl "180+1"]
[EndTime "10:55:16 PDT"]
[Termination "Cambek64 won by resignation"]

1. d4 d5 2. c4 c6 3. cxd5 cxd5 4. Nc3 Nf6 5. Nf3 Nc6 6. Bf4 Bf5 7. e3 e6 8. Bd3 Bxd3 9. Qxd3 Be7 10. O-O O-O 11. h3 Rc8 12. Rfc1 h6 13. a3 Nd7 14. Na4 Nb6 15. Nc5 Bxc5 16. dxc5 Nc4 17. b3 e5 18.
bxc4 exf4 19. cxd5 fxe3 20. fxe3 Re8 21. e4 Ne5 22. Nxe5 Rxe5 23. Rab1 Qg5 24. Rc4 Rce8 25. Rxb7 Qf4 26. Qf3 Rxe4 27. Qxf4 Rxf4 28. Rxf4 1-0

[Event "*** Titled Tuesday Blitz"]
[Site "Chess.com"]
[Date "2021.04.27"]
[Round "5"]
[White "rynos0411"]
[Black "campomania3"]
[Result "1-0"]
[WhiteElo "2493"]
[BlackElo "2238"]
[TimeControl "180+1"]
[EndTime "10:55:17 PDT"]
[Termination "rynos0411 won by resignation"]

1. d4 d5 2. c4 c6 3. Nf3 Nf6 4. Nc3 dxc4 5. a4 e6 6. e4 Bb4 7. Bd2 Bxc3 8. Bxc3 Nxe4 9. Bxc4 Nxc3 10. bxc3 O-O 11. O-O c5 12. Bd3 cxd4 13. cxd4 Nc6 14. h4 h6 15. Rb1 b6 16. Be4 Bb7 17. Qd3 Na5 18. Bh7+ Kh8 19. Ne5 Qd5 20. f3 Rad8 21. Rfd1 Qxe5 22. dxe5 Rxd3 23. Bxd3 Rc8 24. Rbc1 Rxc1 25.
Rxc1 Kg8 26. Rc7 Kf8 27. Bb5 a6 28. Bd7 Bd5 29. Bc8 Bb3 30. Bxa6 Bxa4 31. Kf2 Nb3 32. Rb7 Nc5 33. Rxb6 Nxa6 34. Rxa6 Bb3 35. Ra7 g6 36. Ke3 Bc4 37. g4 Bb3 38. h5 g5 39. f4 gxf4+ 40. Kxf4 Bd1 41. g5 Bxh5 42. gxh6 Bg6 43. Kg5 Kg8 44.
Kf6 Kh7 45. Rxf7+ Bxf7 46. Kxf7 Kxh6 47. Kxe6 1-0

[Event "*** Titled Tuesday Blitz"]
[Site "Chess.com"]
[Date "2021.04.27"]
[Round "5"]
[White "KuzubovYuriy"]
[Black "Legendinunknown"]
[Result "1-0"]
[WhiteElo "2863"]
[BlackElo "2603"]
[TimeControl "180+1"]
[EndTime "10:55:19 PDT"]
[Termination "KuzubovYuriy won by resignation"]

1. d4 Nf6 2. Nf3 g6 3. Nbd2 d5 4. e3 Bg7 5. b4 O-O 6. c4 c6 7. Be2 e6 8. O-O Nbd7 9. a4 a6 10. Bb2 Rb8 11. a5 Ne8 12. Qc2 Nd6 13. Ne5 f6 14.
Nd3 Qe7 15. Nc5 f5 16. f4 Ne4 17. Nf3 h6 18. Ne5 Kh7 19. Nxe4 fxe4 20. b5 Nxe5 21. fxe5 Bd7 22. bxa6 bxa6 23. Ba3 Rxf1+ 24. Bxf1 Qg5 25. Qc3 Bf8 26. Bd6 Bxd6 27. exd6 Rf8 28. Be2 Bc8 29. Rf1 Rxf1+ 30. Bxf1 dxc4 31. Bxc4 c5 32. Bf1 cxd4 33.
Qc7+ Kg8 34. Qxc8+ Kg7 35. Qc7+ Kg8 36. Qb8+ Kf7 37.
Qa7+ Ke8 38. Qxd4 Qxa5 39. Qg7 Kd8 40. Qe7+ 1-0

[Event "*** Titled Tuesday Blitz"]
[Site "Chess.com"]
[Date "2021.04.27"]
[Round "5"]
[White "TimurGareyev"]
[Black "Vesper2018"]
[Result "0-1"]
[WhiteElo "2690"]
[BlackElo "2560"]
[TimeControl "180+1"]
[EndTime "10:55:19 PDT"]
[Termination "Vesper2018 won by resignation"]

1. d4 Nf6 2. c4 g6 3. Nc3 Bg7 4. e4 d6 5. Be2 O-O 6. Bg5 Na6 7. Nf3 h6 8. Bf4 c5 9. d5 Nc7 10. Nd2 e5 11. Be3 Nh7 12. g4 f5 13.
gxf5 gxf5 14. exf5 Bxf5 15. Bg4 Qh4 16. Rg1 Ng5 17.
Bxg5 Qxg5 18. Nde4 Bxe4 19. Nxe4 Qf4 20. Qe2 Rad8 21.
Rg3 Kh8 22. Rf3 Qxh2 23. Rh3 Qg1+ 24. Kd2 Qxa1 25. Kc2 Rf4 26. f3 Qxa2 27. Qh2 Qxc4+ 28. Nc3 Kh7 29. Rh5 Rdf8 30. Kb1 Rxg4 31. fxg4 Rf1+ 32. Kc2 Qd4 33. g5 Rf2+ 0-1

[Event "*** Titled Tuesday Blitz"]
[Site "Chess.com"]
[Date "2021.04.27"]
[Round "5"]
[White "Margency"]
[Black "Gmedmundo"]
[Result "1-0"]
[WhiteElo "2657"]
[BlackElo "2439"]
[TimeControl "180+1"]
[EndTime "10:55:23 PDT"]
[Termination "Margency won by checkmate"]

1. e4 c5 2. Nf3 d6 3. d4 cxd4 4. Nxd4 Nf6 5. Nc3 Nc6 6. Bg5 e6 7. Qd2 a6 8. O-O-O Bd7 9. f3 Be7 10. Kb1 b5 11. Be3 Ne5 12. Bd3 Qc7 13. g4 Nc4 14. Bxc4 Qxc4 15. g5 Nh5 16. b3 Qc7 17. Nce2 a5 18. Ng3 Nxg3 19. hxg3 a4 20. Rh2 g6 21. Rdh1 h5 22. gxh6 O-O 23. h7+ Kh8 24. Bg5 Qd8 25. Bxe7 Qxe7 26. Nc6 Bxc6 27. Qc3+ f6 28.
Qxc6 Rfc8 29. Qxb5 axb3 30. cxb3 Qa7 31. Qd3 Qa3 32. Rc2 Rcb8 33. Qc3 Qa6 34. Qxf6# 1-0

[Event "*** Titled Tuesday Blitz"]
[Site "Chess.com"]
[Date "2021.04.27"]
[Round "5"]
[White "NoboaKevin1999"]
[Black "FMOlexandrProhorov"]
[Result "1-0"]
[WhiteElo "2433"]
[BlackElo "2259"]
[TimeControl "180+1"]
[EndTime "10:55:23 PDT"]
[Termination "NoboaKevin1999 won on time"]

1. d4 Nf6 2. c4 g6 3. Nc3 d5 4. cxd5 Nxd5 5. Bd2 Bg7 6. e4 Nxc3 7. Bxc3 O-O 8. Bc4 c5 9. d5 Bxc3+ 10. bxc3 Qa5 11. Ne2 b5 12. Bd3 e6 13. O-O exd5 14. exd5 Bb7 15. c4 Nd7 16. Rb1 Qc7 17. Rxb5 Ne5 18. Ng3 f5 19.
Re1 Rae8 20. Bf1 Ba6 21. Rb3 Bxc4 22. Rxe5 Bxb3 23. Qxb3 Qxe5 24. d6+ Kg7 25. d7 Rd8 26. Qb7 Rf7 27. Bb5 c4 28. Nf1 c3 29. Qc8 Qe7 30.
Qxc3+ Qf6 31. Qc7 f4 32. Qxa7 f3 33. gxf3 Qxf3 34. Ng3 Qd1+ 35. Nf1 1-0

[Event "*** Titled Tuesday Blitz"]
[Site "Chess.com"]
[Date "2021.04.27"]
[Round "5"]
[White "Sammed_Shete"]
[Black "BrandonJacobson"]
[Result "0-1"]
[WhiteElo "2644"]
[BlackElo "2941"]
[TimeControl "180+1"]
[EndTime "10:55:25 PDT"]
[Termination "BrandonJacobson won by resignation"]

1. e4 c5 2. Nf3 Nc6 3. Bb5 e6 4. O-O Nge7 5. d4 cxd4 6. Nxd4 Ng6 7. c4 Be7 8. Nc3 O-O 9. Be3 Nxd4 10. Bxd4 b6 11. Ba4 Bb7 12. f4 Qc7 13. f5 Ne5 14.
Bxe5 Qxe5 15. Qxd7 Bc5+ 16. Rf2 Bxe4 17. Re1 Bxf2+ 18.
Kxf2 Qc5+ 19. Kg3 Bxf5 20. Qc6 Qd4 21. Rd1 Qg4+ 22. Kf2 Rac8 23. Qf3 Qxc4 24. Bb5 Qc5+ 25. Kf1 Rfd8 26. Re1 Rd2 27. Re2 Rxb2 28. Rxb2 Qxc3 29. Qxc3 Rxc3 30. Kf2 Rc2+ 31. Rxc2 Bxc2 32. Ke3 Kf8 33. Kd4 Ke7 34. Bc4 Kd6 35. Kc3 Be4 36. Kb4 Bxg2 37. Kb5 Bd5 38. Bd3 Bxa2 39. Bxh7 e5 40. Ka6 Bd5 41. Kxa7 b5 42. Kb6 b4 43. Kb5 b3 44.
Kb4 e4 45. Kc3 Ke5 46. Bg8 f5 47. Bh7 f4 48. Bg6 f3 49. Bh5 Kf4 50. Kd2 e3+ 51. Kc3 b2 0-1

[Event "*** Titled Tuesday Blitz"]
[Site "Chess.com"]
[Date "2021.04.27"]
[Round "5"]
[White "Grandmaster2B"]
[Black "Andrakhanova"]
[Result "1-0"]
[WhiteElo "2507"]
[BlackElo "2294"]
[TimeControl "180+1"]
[EndTime "10:55:26 PDT"]
[Termination "Grandmaster2B won by checkmate"]

1. e4 c5 2. Nf3 e6 3. d4 cxd4 4. Nxd4 Nf6 5. Nc3 Nc6 6. Ndb5 d6 7. Bf4 e5 8. Bg5 a6 9. Na3 b5 10. Nd5 Be7 11. Bxf6 Bxf6 12. c3 O-O 13. Nc2 Bg5 14. a4 bxa4 15. Rxa4 a5 16. Bc4 Rb8 17. b3 Kh8 18. O-O g6 19. Ra1 f5 20. f3 Bb7 21.
Qd3 Ne7 22. Kh1 Bxd5 23. Bxd5 Nxd5 24. Qxd5 Qb6 25. Rab1 fxe4 26. fxe4 Rxf1+ 27. Rxf1 Qxb3 28. Qxd6 Bf4 29. g3 Re8 30. Na3 Re6 31. Qf8# 1-0

[Event "*** Titled Tuesday Blitz"]
[Site "Chess.com"]
[Date "2021.04.27"]
[Round "5"]
[White "Abdimalik_Abdisalimov"]
[Black "Ze-Pequeno"]
[Result "0-1"]
[WhiteElo "2324"]
[BlackElo "2225"]
[TimeControl "180+1"]
[EndTime "10:55:27 PDT"]
[Termination "Ze-Pequeno won by checkmate"]

1. d4 Nf6 2. c4 g6 3. f3 Bg7 4. e4 O-O 5. Nc3 d6 6. Nge2 c5 7. d5 e6 8. Be3 exd5 9. cxd5 a6 10. a4 Nbd7 11. Qd2 Rb8 12. Ng3 h5 13. h4 Re8 14. Bg5 Qc7 15. Be2 Nh7 16. Bf4 Ne5 17. O-O Qe7 18. Bg5 Nxg5 19. hxg5 Bd7 20. a5 Bc8 21. f4 Ng4 22. Bxg4 Bxg4 23. Rae1 b5 24. f5 Be5 25. Nh1 Qd8 26. Ra1 b4 27. Nd1 Bd4+ 28.
Kh2 Rxe4 29. Nhf2 Be5+ 30. Kg1 Re2 31. Qd3 Qxg5 32. Nxg4 Qxg4 33. Nf2 Qg3 34. fxg6 Qh2# 0-1

[Event "*** Titled Tuesday Blitz"]
[Site "Chess.com"]
[Date "2021.04.27"]
[Round "5"]
[White "Vice64"]
[Black "Smile2005"]
[Result "1/2-1/2"]
[WhiteElo "2661"]
[BlackElo "2393"]
[TimeControl "180+1"]
[EndTime "10:55:28 PDT"]
[Termination "Game drawn by repetition"]

1. e4 d5 2. exd5 Nf6 3. Nf3 Nxd5 4. d4 Bg4 5. Be2 e6 6. O-O Be7 7. Ne5 Bxe2 8. Qxe2 O-O 9. c4 Nb6 10. Be3 N8d7 11. Nc3 Nxe5 12. dxe5 Qc8 13. Rad1 Rd8 14. g3 Nd7 15. Bf4 b6 16. h4 Qb7 17. Rd2 Nf8 18.
Rfd1 Rxd2 19. Rxd2 Rd8 20. Rxd8 Bxd8 21. h5 Qc6 22. b3 a6 23. Qd3 Be7 24. Be3 Qf3 25.
h6 Ng6 26. Qd7 Bb4 27. Na4 Nxe5 28. Qxc7 Qd1+ 29. Kg2 Qf3+ 30. Kg1 Qd1+ 31. Kh2 Qh5+ 32. Kg2 Qf3+ 33. Kg1 1/2-1/2

[Event "*** Titled Tuesday Blitz"]
[Site "Chess.com"]
[Date "2021.04.27"]
[Round "5"]
[White "davidkalashian"]
[Black "JoliyRoger"]
[Result "1-0"]
[WhiteElo "2570"]
[BlackElo "2398"]
[TimeControl "180+1"]
[EndTime "10:55:28 PDT"]
[Termination "davidkalashian won on time"]

1. e4 c6 2. d4 d5 3. Nc3 h6 4.
Nf3 Bg4 5. Be2 Nf6 6. exd5 cxd5 7. Ne5 Bxe2 8. Qxe2 a6 9. O-O e6 10. f4 Bb4 11. f5 O-O 12. fxe6 fxe6 13. Nd3 Qb6 14. Na4 Qa5 15. Qxe6+ Kh8 16. Nac5 Bxc5 17. Nxc5 Nc6 18. c3 Rae8 19. Qh3 Qc7 20. Ne6 Qf7 21. Nxf8 Rxf8 22. Bg5 Qg6 23. Bxf6 Rxf6 24. Rxf6 Qxf6 25. Rf1 Qd8 26.
Qf5 Kg8 27. Qe6+ Kh7 28. h3 a5 29. Rf7 1-0

[Event "*** Titled Tuesday Blitz"]
[Site "Chess.com"]
[Date "2021.04.27"]
[Round "5"]
[White "atbenina64"]
[Black "SergioGarciaFuentes"]
[Result "1-0"]
[WhiteElo "2524"]
[BlackElo "2348"]
[TimeControl "180+1"]
[EndTime "10:55:28 PDT"]
[Termination "atbenina64 won by resignation"]

1. d4 d5 2. c4 c6 3. Nf3 Nf6 4. e3 g6 5. Nc3 Bg7 6. Be2 O-O 7. O-O Bf5 8. Qb3 Qb6 9. Qxb6 axb6 10. cxd5 Nxd5 11.
Nxd5 cxd5 12. Bd2 Nc6 13. Bb5 Rfc8 14. a4 Na5 15. Bb4 Nb3 16. Ra3 Na5 17. Bxe7 Nc4 18. Ra2 Bd3 19. Re1 f5 20. b3 Ne5 21. dxe5 Bxb5 22. Bf6 Bd3 23. Bxg7 Kxg7 24. Nd4 Rc3 25. h4 b5 26. Rb2 bxa4 27. bxa4 Ba6 28. a5 Rac8 29. h5 Rc1 30. Rxc1 Rxc1+ 31. Kh2 Ra1 32. Rb6 Rxa5 33. h6+ Kxh6 34. Nxf5+ Kg5 35. Nd4 Ra2 36. f4+ Kg4 37. Rb1 Bf1 38. Rxf1 1-0

[Event "*** Titled Tuesday Blitz"]
[Site "Chess.com"]
[Date "2021.04.27"]
[Round "5"]
[White "Zipa5"]
[Black "RamyresCoelho"]
[Result "1-0"]
[WhiteElo "1866"]
[BlackElo "2184"]
[TimeControl "180+1"]
[EndTime "10:55:29 PDT"]
[Termination "Zipa5 won by resignation"]

1. Nf3 Nf6 2. c4 g6 3. Nc3 Bg7 4. e4 d6 5. d4 O-O 6. Be2 Nc6 7. d5 Ne5 8. Nxe5 dxe5 9. O-O b6 10. f4 exf4 11. Bxf4 Nd7 12. Qd2 Bb7 13. Rae1 Ne5 14. Nb5 a6 15. Nd4 Qd7 16. Nf3 Nxf3+ 17. Bxf3 c6 18. e5 cxd5 19. cxd5 Rfd8 20. d6 Bxf3 21. Rxf3 exd6 22. exd6 Re8 23. Rfe3 Rxe3 24. Rxe3 Rc8 25. Re7 Qa4 26. d7 Qd4+ 27. Qxd4 Bxd4+ 28. Kf1 Rf8 29. Re8 Bf6 30. Bd6 1-0

[Event "*** Titled Tuesday Blitz"]
[Site "Chess.com"]
[Date "2021.04.27"]
[Round "5"]
[White "SanchezKelvin"]
[Black "Romadk"]
[Result "0-1"]
[WhiteElo "196"]
[BlackElo "2325"]
[TimeControl "180+1"]
[EndTime "10:55:32 PDT"]
[Termination "Romadk won by checkmate"]

1. e4 Nf6 2. e5 Nd5 3. d4 d6 4.
c4 Nb6 5. f4 dxe5 6. fxe5 Nc6 7. Be3 Bf5 8. Nc3 e6 9. Nf3 Qd7 10. Be2 O-O-O 11. O-O Kb8 12. a4 a5 13. d5 exd5 14.
Bxb6 cxb6 15. cxd5 Bc5+ 16. Kh1 Nb4 17. Bb5 Qc8 18. Ng5 Nxd5 19. Nxd5 Be6 20. Nxf7 Rxd5 21. Qe2 Rf8 22. Ng5 Bf5 23. e6 Be7 24. Bd7 Qd8 25.
Nf3 Bc5 26. Rad1 Rxd1 27. Rxd1 Qe7 28. Qe5+ Ka7 29. Re1 Bg4 30. Nd2 Qh4 31. Qg3 Qxg3 32. hxg3 Rf6 33. Ne4 Rh6# 0-1

[Event "*** Titled Tuesday Blitz"]
[Site "Chess.com"]
[Date "2021.04.27"]
[Round "5"]
[White "grandcoach"]
[Black "ferch1ni"]
[Result "0-1"]
[WhiteElo "2236"]
[BlackElo "2362"]
[TimeControl "180+1"]
[EndTime "10:55:33 PDT"]
[Termination "ferch1ni won by resignation"]

1. e4 c5 2. b4 cxb4 3. a3 Nf6 4. e5 Nd5 5. Bb2 Nc6 6. Bc4 e6 7. Bxd5 exd5 8. Nf3 Bc5 9. O-O O-O 10. axb4 Bxb4 11.
Ra4 d6 12. exd6 Qxd6 13. Nc3 Bg4 14. h3 Bh5 15. Qa1 Bxf3 16. gxf3 f6 17. Ba3 Bxa3 18. Qxa3 Qd7 19. Qc5 Qxh3 20. Qxd5+ Kh8 21. Rb1 Ne5 22.
Rf4 Rad8 23. Qxb7 Rxd2 24. Qe7 Rg8 25. Rxf6 gxf6+ 0-1

[Event "*** Titled Tuesday Blitz"]
[Site "Chess.com"]
[Date "2021.04.27"]
[Round "5"]
[White "mjray79"]
[Black "aaaao"]
[Result "1-0"]
[WhiteElo "2464"]
[BlackElo "2664"]
[TimeControl "180+1"]
[EndTime "10:55:34 PDT"]
[Termination "mjray79 won by resignation"]

1. d4 Nf6 2. c4 g6 3. Nc3 d5 4.
cxd5 Nxd5 5. e4 Nxc3 6. bxc3 Bg7 7. Bc4 O-O 8. Be3 c5 9. Ne2 Qc7 10. Rc1 Nd7 11. O-O Rb8 12. a4 a6 13. Qd2 b5 14.
axb5 axb5 15. Bd3 e5 16. d5 Rd8 17. c4 b4 18. Bh6 Ra8 19. Bxg7 Kxg7 20. g3 Ra3 21. f4 f6 22. f5 g5 23. h4 h6 24. hxg5 hxg5 25. Kg2 Qa5 26. Rh1 Nf8 27. g4 Bd7 28. Qe3 Be8 29. Qh3 Kf7 30. Qh8 Ke7 31. Rh6 Qb6 32. Bb1 b3 33. Ng3 b2 34.
Rf1 Rc3 35. Nh5 Bxh5 36. gxh5 Rc1 37. Qg7+ Ke8 38. Rxf6 1-0

[Event "*** Titled Tuesday Blitz"]
[Site "Chess.com"]
[Date "2021.04.27"]
[Round "5"]
[White "AlexPapasimakopoulos"]
[Black "mapleaff"]
[Result "1-0"]
[WhiteElo "2567"]
[BlackElo "2393"]
[TimeControl "180+1"]
[EndTime "10:55:34 PDT"]
[Termination "AlexPapasimakopoulos won by resignation"]

1. d4 Nf6 2. c4 e6 3. Nc3 d5 4. cxd5 Nxd5 5. e4 Nxc3 6. bxc3 c5 7. Rb1 Be7 8. Nf3 O-O 9. Bc4 Qc7 10. Qe2 Nc6 11. O-O b6 12. Rd1 cxd4 13. cxd4 Na5 14. Bd3 Bb7 15. Bd2 Rac8 16. h4 Rfd8 17. h5 h6 18. g3 Nc6 19. Rbc1 Qb8 20. Bf4 Bd6 21. Be3 e5 22. d5 Nd4 23. Nxd4 exd4 24. Rxc8 Bxc8 25.
Bxd4 Bxg3 26. fxg3 Qxg3+ 27. Qg2 Qxg2+ 28. Kxg2 Bg4 29. Rh1 f5 30. Kg3 fxe4 31. Bxe4 Be2 32. Kf2 Bc4 33. Rg1 Bxd5 34. Rxg7+ Kf8 35. Bg6 Bxa2 36.
Bc3 a5 37. Rb7 Rd6 38. Bb2 Bd5 39. Ra7 Bc6 40. Ba3 b5 41. Bxd6+ Kg8 42. Be5 1-0

[Event "*** Titled Tuesday Blitz"]
[Site "Chess.com"]
[Date "2021.04.27"]
[Round "5"]
[White "fyall777"]
[Black "ErikBlomqvist"]
[Result "0-1"]
[WhiteElo "2412"]
[BlackElo "2584"]
[TimeControl "180+1"]
[EndTime "10:55:35 PDT"]
[Termination "ErikBlomqvist won on time"]

1. e4 c6 2. Nf3 d5 3. Nc3 dxe4 4. Nxe4 Nf6 5. Nxf6+ exf6 6. d4 Bd6 7.
Be3 O-O 8. Qd2 Re8 9. O-O-O Nd7 10. Bd3 b5 11. Rhe1 Nb6 12. Bf4 Be6 13. Kb1 a5 14. Re2 Bxf4 15. Qxf4 Qd5 16. b3 Qd7 17. Nd2 Nd5 18. Qh4 Bf5 19. Rxe8+ Rxe8 20. Bxf5 Nc3+ 21. Kc1 Qxf5 22. Rf1 Re2 23. Qg3 Nxa2+ 24. Kb2 h5 0-1

[Event "*** Titled Tuesday Blitz"]
[Site "Chess.com"]
[Date "2021.04.27"]
[Round "5"]
[White "gmpeter008"]
[Black "TST2014"]
[Result "1-0"]
[WhiteElo "2461"]
[BlackElo "2662"]
[TimeControl "180+1"]
[EndTime "10:55:36 PDT"]
[Termination "gmpeter008 won by checkmate"]

1. d4 Nf6 2. Bf4 d6 3. Nf3 Nbd7 4. e3 Nh5 5. Bg3 g6 6. c4 Bg7 7. Nc3 c5 8. Be2 cxd4 9. exd4 Nxg3 10. hxg3 O-O 11.
O-O e5 12. dxe5 dxe5 13. Qd2 Nc5 14. Qxd8 Rxd8 15. Rfd1 Bf5 16. Nd5 Kf8 17. Rac1 Rac8 18. b3 h6 19. Nd2 e4 20. Nf1 Nd3 21. Bxd3 exd3 22. Nfe3 Be4 23. f3 Bxd5 24. Nxd5 Bd4+ 25. Kf1 d2 26. Rb1 Rxd5 27. cxd5 Rc2 28. Ke2 Rxa2 29. Rxd2 Rxd2+ 30. Kxd2 Ke7 31. Kd3 Bf2 32. g4 Kd6 33. Ke4 a5 34. Rh1 b5 35. Rxh6 a4 36. bxa4 bxa4 37.
Rh8 a3 38. Ra8 Bc5 39. Ra6+ Kc7 40. Rc6+ Kb7 41. Rxc5 Kb6 42. Rc1 Kb5 43. Ra1 Kb4 44. Rxa3 Kxa3 45. Ke5 f5 46. Kf6 Kb4 47. Kf7 fxg4 48.
fxg4 Kc5 49. Kxg6 Kxd5 50. g5 Ke6 51. Kh7 Kf7 52. g6+ Kf8 53. g7+ Ke7 54. g8=Q Kd6 55. g4 Ke5 56. g5 Kf4 57. g6 Kg5 58. g7 Kf6 59. Qf8+ Ke5 60. g8=Q Kd4 61. Qf4+ Kc5 62.
Qgg5+ Kc6 63. Qff6+ Kd7 64. Qgg7+ Ke8 65. Qff8# 1-0

[Event "*** Titled Tuesday Blitz"]
[Site "Chess.com"]
[Date "2021.04.27"]
[Round "5"]
[White "MerryPoppies"]
[Black "Kale36"]
[Result "0-1"]
[WhiteElo "2089"]
[BlackElo "2272"]
[TimeControl "180+1"]
[EndTime "10:55:36 PDT"]
[Termination "Kale36 won on time"]

1. d4 c5 2. e3 e6 3. c3 b6 4. Nf3 Bb7 5. Be2 Nf6 6. O-O d5 7. Nbd2 Bd6 8. b3 Qc7 9. Bb2 Nc6 10. Rc1 O-O 11. h3 e5 12. dxe5 Nxe5 13. c4 Rad8 14. Qc2 Rfe8 15. Nxe5 Bxe5 16. Nf3 Bxb2 17. Qxb2 Ne4 18.
Rfd1 Qe7 19. cxd5 Bxd5 20. Bc4 Bxc4 21. Rxd8 Rxd8 22. Rxc4 Rd1+ 23. Kh2 Qd6+ 24. g3 Nd2 25. Nxd2 Rxd2 26. Rc2 Rd1 27. Re2 Qd5 28. e4 Qd3 29. Qc2 Qd4 30. Kg2 g6 31. h4 h5 32. Kf3 b5 0-1

[Event "*** Titled Tuesday Blitz"]
[Site "Chess.com"]
[Date "2021.04.27"]
[Round "5"]
[White "Harald_Schmidt"]
[Black "LifeIsAllAboutChess23"]
[Result "0-1"]
[WhiteElo "2313"]
[BlackElo "2210"]
[TimeControl "180+1"]
[EndTime "10:55:38 PDT"]
[Termination "LifeIsAllAboutChess23 won by resignation"]

1. e4 g6 2. h4 d5 3. exd5 Qxd5 4. Nc3 Qd8 5. h5 Bg7 6. d3 Nc6 7. Bf4 a6 8. Qd2 Be6 9. Nf3 h6 10. hxg6 fxg6 11. g3 Qd7 12. Bg2 O-O-O 13. O-O-O Nf6 14. Bxh6 Bxh6 15. Rxh6 Bf5 16. Rxh8 Rxh8 17. Nh4 Ng4 18.
Re1 e5 19. Be4 Nd4 20. Bg2 Qd6 21. f3 Nf6 22. Ne4 Bxe4 23. dxe4 Rd8 24. Qc3 Ne2+ 25.
Kb1 Nxc3+ 26. bxc3 Qb6+ 27. Kc1 Qf2 28. Rh1 Rd2 0-1

[Event "*** Titled Tuesday Blitz"]
[Site "Chess.com"]
[Date "2021.04.27"]
[Round "5"]
[White "NoGalloNoParty"]
[Black "Mikhail_Golubev"]
[Result "0-1"]
[WhiteElo "2350"]
[BlackElo "2566"]
[TimeControl "180+1"]
[EndTime "10:55:40 PDT"]
[Termination "Mikhail_Golubev won by checkmate"]

1. d4 g6 2. c4 Bg7 3. Nc3 d6 4. e4 Nf6 5. Nf3 O-O 6. Be2 e5 7. Be3 exd4 8. Nxd4 Re8 9. f3 c6 10. Bf2 d5 11. exd5 cxd5 12. c5 Nc6 13. O-O Nh5 14.
Qd2 Be5 15. Bb5 Nf4 16. Nxc6 Qg5 17. Be3 bxc6 18. Rae1 Bd7 19. Nxd5 cxd5 20. Bxd7 d4 21. Bxf4 Bxf4 22. Qd3 Rxe1 23. Rxe1 Bxh2+ 24. Kf1 Bg3 25. Re4 Qc1+ 26. Ke2 Qe1# 0-1

[Event "*** Titled Tuesday Blitz"]
[Site "Chess.com"]
[Date "2021.04.27"]
[Round "5"]
[White "H3nriqueTV"]
[Black "mary-sanna"]
[Result "1-0"]
[WhiteElo "2320"]
[BlackElo "2133"]
[TimeControl "180+1"]
[EndTime "10:55:40 PDT"]
[Termination "H3nriqueTV won by checkmate"]

1. e4 c5 2. Nf3 Nc6 3. Nc3 g6 4. d4 cxd4 5. Nxd4 Bg7 6. Be3 Nf6 7. Bc4 O-O 8. f3 d6 9. Qd2 Bd7 10. Bb3 Nxd4 11. Bxd4 b5 12. h4 a5 13. h5 Nxh5 14.
Bxg7 Kxg7 15. g4 h6 16. gxh5 g5 17. O-O-O Be6 18. Bd5 b4 19. Ne2 Rc8 20. f4 Bxd5 21. Qxd5 Qc7 22. Qd3 Qc4 23. fxg5 Qxd3 24. gxh6+ Kxh6 25. Rxd3 Rg8 26. Nd4 Rg5 27. Nf5+ Kh7 28. Nxe7 Rc4 29.
Nd5 Rg2 30. Rd2 Rxd2 31. Kxd2 Kh6 32. Kd3 Rc8 33. Rf1 Kxh5 34. Rxf7 Kg4 35. Rf6 Rc6 36. e5 Kg5 37. Rxd6 Rc5 38. c4 bxc3 39. bxc3 Kf5 40. Kd4 Rb5 41. Ne7+ Kf4 42. Rd5 Rb7 43. Nc6 Rc7 44.
Nxa5 Kf5 45. Nc4 Ke6 46. Rd6+ Ke7 47. Kd5 Ra7 48. a3 Ra4 49. e6 Ra8 50. Rd7+ Ke8 51. Nd6+ Kf8 52. e7+ Kg7 53. e8=Q+ Kf6 54. Qf7+ Kg5 55.
Qf5+ Kh6 56. Rh7# 1-0

[Event "*** Titled Tuesday Blitz"]
[Site "Chess.com"]
[Date "2021.04.27"]
[Round "5"]
[White "gxbg2000"]
[Black "AniJak"]
[Result "0-1"]
[WhiteElo "1959"]
[BlackElo "2291"]
[TimeControl "180+1"]
[EndTime "10:55:42 PDT"]
[Termination "AniJak won by resignation"]

1. e4 c5 2. f4 d5 3. exd5 Qxd5 4. Nf3 Nc6 5. Nc3 Qd8 6. d3 Nf6 7. Be3 b6 8. h3 e6 9. Be2 Bd6 10. O-O O-O 11. Qd2 Bb7 12. Bf2 Qc7 13. Bg3 Nh5 14. Bh2 Nxf4 15. Kh1 Nxe2 16. Bxd6 Qxd6 17.
Qxe2 Nd4 18. Nxd4 cxd4 19. Ne4 Bxe4 20. Qxe4 Rac8 21. Rf2 Rc5 22. Raf1 f6 23. Qg4 Rg5 24.
Qh4 Rc8 25. a3 Rgc5 26. Qg4 Rg5 27. Qh4 h6 28. Qe4 Qd5 29. Qf4 Rf5 30. Qg4 Rxf2 31.
Rxf2 Qe5 32. Re2 Qf5 33. Qf3 Qxf3 34. gxf3 Kf7 35. Kg2 e5 36. Kg3 Ke6 37. f4 Kf5 38. fxe5 fxe5 39. Rf2+ Ke6 40. Kg4 g6 41. h4 Rc7 42. h5 g5 43. Rf8 Rxc2 44. Rh8 Rg2+ 45. Kf3 Rh2 46. Rxh6+ Kf5 47. Kg3 Rd2 48. Rh8 Rxd3+ 49.
Kf2 Rh3 50. Kg2 Rh4 51. Kg3 d3 52. Rd8 Ke4 53. Rh8 d2 54. Rd8 Ke3 55. b4 Rd4 0-1

[Event "*** Titled Tuesday Blitz"]
[Site "Chess.com"]
[Date "2021.04.27"]
[Round "5"]
[White "Durarbayli"]
[Black "HonzaVykouk"]
[Result "0-1"]
[WhiteElo "2736"]
[BlackElo "2595"]
[TimeControl "180+1"]
[EndTime "10:55:44 PDT"]
[Termination "HonzaVykouk won by checkmate"]

1. e4 c5 2. Nf3 d6 3. d4 cxd4 4. Nxd4 Nf6 5. Nc3 a6 6. Bg5 e6 7. f4 h6 8. Bh4 Qb6 9. a3 Nbd7 10.
Bf2 Qc7 11. g4 b5 12. Bg2 Bb7 13. O-O g5 14. f5 e5 15. Ne6 fxe6 16. fxe6 Nc5 17.
Nd5 Bxd5 18. exd5 Be7 19. b4 Nce4 20. Qd3 Nxf2 21. Qg6+ Kd8 22. Rxf2 Nxg4 23. Rf7 Qb6+ 24. Kh1 Nf2+ 25. Kg1 Nh3+ 26. Kh1 Nf4 27. Qg7 Re8 28. Be4 Qe3 29. Qh7 g4 30. Rg1 h5 31. Rg3 Qe1+ 32.
Rg1 Qe3 33. Rg3 Qf2 34. Rg1 Rc8 35. Qf5 Rxc2 36. Bg2 Nh3 37. Qh7 Qxg1# 0-1